 Dungeon Crawl Stone Soup version 0.26-a0-451-gacbe401039 (webtiles) character file.

Game seed: 2308732238898766038

135 ReteAZ the Ruffian (level 4, -2/44 HPs)
             Began as a Troll Fighter on July 28, 2020.
             Was an Initiate of Cheibriados.
             Slain by an ogre
             ... wielding a +0 giant club
              (19 damage)
             ... on level 3 of the Dungeon.
             The game lasted 00:01:58 (2123 turns).

ReteAZ the Ruffian (Troll Fighter)                  Turns: 2123, Time: 00:01:59

Health: -2/44      AC:  6    Str: 25    XL:     4   Next: 97%
Magic:  3/3        EV:  8    Int:  6    God:    Cheibriados [......]
Gold:   193        SH:  8    Dex: 10    Spells: 3/3 levels left

rFire    . . .     SeeInvis .     - Unarmed
rCold    . . .     Faith    .   b - +0 kite shield
rNeg     . . .     Spirit   .   a - +0 robe
rPois    .         Reflect  .   (helmet restricted)
rElec    .         Harm     .   (no cloak)
rCorr    .                      (gloves unavailable)
MR       .....                  (boots unavailable)
Stlth    +.........             (no amulet)
HPRegen  0.54/turn              (no ring)
MPRegen  0.08/turn              (no ring)

@: very slow
A: large, unfitting armour, claws 3, regeneration 1, shaggy fur 1, tough skin 3
a: Bend Time, Renounce Religion


You were on level 3 of the Dungeon.
You worshipped Cheibriados.
Cheibriados was noncommittal.
You visited 1 branch of the dungeon, and saw 3 of its levels.

You collected 193 gold pieces.

Inventory:

Missiles
 l - 6 poisoned darts (quivered)
 n - 7 boomerangs
Armour
 a - a +0 robe (worn)
 b - a +0 kite shield (worn)
Scrolls
 d - 2 scrolls of fear {unknown}
 f - 4 scrolls of identify {unknown}
 g - 3 scrolls of immolation {unknown}
 h - 7 scrolls of remove curse {unknown}
 j - a scroll of amnesia {unknown}
 k - 5 scrolls of teleportation {unknown}
 m - 2 scrolls of magic mapping {unknown}
 p - a scroll of noise {unknown}
 q - a scroll of fog {unknown}
Potions
 c - 2 potions of might
 e - a potion of heal wounds {unknown}
 i - a potion of haste {unknown}
 o - 2 potions of flight {unknown}


   Skills:
 - Level 2.4 Fighting
 - Level 2.4 Dodging
 - Level 2.4 Shields
 * Level 5.2 Unarmed Combat


You had 3 spell levels left.
You didn't know any spells.
Your spell library contained the following spells:

 Spells                   Type           Power        Failure   Level
 Magic Dart               Conj           #...         90%         1
 Blink                    Tloc           N/A          97%         2
 Call Imp                 Summ           #.......     97%         2
 Slow                     Hex            #.......     97%         2
 Conjure Flame            Conj/Fire      #.......     99%         3
 Mephitic Cloud           Conj/Pois/Air  #.......     99%         3


Dungeon Overview and Level Annotations

Branches:
Dungeon (3/15)

Altars:
Ashenzari
Cheibriados
Dithmenos
Ru
Trog
Vehumet

Annotations:
D:3 hemabe71's ghost, amateur HuAr


Innate Abilities, Weirdness & Mutations

You are too large for most types of armour.
You have claws for hands.
Your natural rate of healing is unusually fast.
You are covered in fur. (AC +1)
You have extremely tough skin. (AC +3)


Message History

No target in view!
No target in view!
k - 5 scrolls labeled MEGHEDA QUFOTU (gained 1)
You now have 193 gold pieces (gained 8).
You see here a +0 long sword.
Hemabe71's ghost turns its malevolent gaze towards you.
An ogre comes into view. It is wielding a +0 giant club.
The ogre shouts!
You claw the ogre!
The ogre is moderately wounded.
The ogre hits you with a +0 giant club!!
You scratch the ogre.
The ogre is heavily wounded.
The ogre hits you with a +0 giant club!
You scratch the ogre.
The ogre is severely wounded.
You scratch the ogre.
The ogre is almost dead.
The ogre hits you with a +0 giant club!!
You die...

##### #.##.#####.##
#.##..# #.#
#.###.####.##
############.#
#..#..)..
..........##.#
##.#.....
..........##.# #.......
..........##.# ##......
..........##.# #..#.##
......O@..##†######.#.#
..................#...#
#..######....)....##..#
# #.........# ..#
#...........# ..#
⌠##..........#
...##...........
.!..##........######
.♣..⌠#..########....


You could see an ogre.

Vanquished Creatures
  A bullfrog skeleton (D:3)
  A gnoll (D:2)
  3 adders (D:2)
  3 dart slugs
  A leopard gecko (D:1)
  2 orcs (D:3)
  3 giant cockroaches
  9 goblins
  8 hobgoblins
  8 jackals
  5 bats
  3 frilled lizards
  6 kobolds
  7 rats
60 creatures vanquished.

Notes
Turn   | Place    | Note
-------+----------+-------------------------------------------
     0 | D:1      | ReteAZ the Troll Fighter began the quest for the Orb.
     0 | D:1      | Reached XP level 1. HP: 22/22 MP: 0/0
   224 | D:1      | Found a shattered altar of Ashenzari.
   238 | D:1      | Reached XP level 2. HP: 29/29 MP: 1/1
   342 | D:1      | Reached skill level 3 in Unarmed Combat
  1115 | D:2      | Reached XP level 3. HP: 36/36 MP: 2/2
  1308 | D:2      | Reached skill level 4 in Unarmed Combat
  1395 | D:2      | Reached XP level 4. HP: 44/44 MP: 3/3
  1604 | D:3      | Reached skill level 5 in Unarmed Combat
  1666 | D:3      | Found a sacrificial altar of Ru.
  1668 | D:3      | Found a shadowy altar of Dithmenos.
  1670 | D:3      | Found a radiant altar of Vehumet.
  1670 | D:3      | Found a bloodstained altar of Trog.
  1671 | D:3      | Found a snail-covered altar of Cheibriados.
  1679 | D:3      | Became a worshipper of Cheibriados the Contemplative
  2115 | D:3      | Noticed hemabe71's ghost (amateur HuAr)
  2117 | D:3      | Noticed an ogre
  2123 | D:3      | Slain by an ogre

Illustrated notes

Levels and vault maps discovered:
D:1:      evilmike_arrival_hilbert_curve, layout_basic, roderic_lattice_a,
          nicolae_ashenzari_panopticon
D:2:      wad_crossroads, layout_basic, minivault_26
D:3:      layout_basic, grunt_temple_overflow_open,
          hellmonk_ghost_happy_afterlife, grunt_decor_one_mirror, st_stairs_7

Skill      XL: |  1  2  3  4 |
---------------+-------------+-----
Unarmed Combat | 3 4 5 |  5.2
Fighting       | |  2.4
Dodging        | |  2.4
Shields        | |  2.4

Action                   |  1- 3 |  4- 6 || total
-------------------------+-------+-------++-------
Melee: Unarmed           |    94 |    53 ||   147
 Stab: Sleeping          |     2 |       ||     2
Armor: Robe              |    31 |    16 ||    47
Dodge: Dodged            |    30 |    16 ||    46
Block: Kite shield       |    39 |    19 ||    58

Table legend: (Time is in decaauts)
 A = Elapsed time spent in this place.
 B = Non-inter-level travel time spent in this place.
 C = Inter-level travel time spent in this place.
 D = Time resting spent in this place.
 E = Time spent auto-exploring this place.
 F = Levels seen in this place.
 G = Mean time per level.
                   A        B        C        D        E       F      G
               +--------+--------+--------+--------+--------+-----+--------+
         Total |   2244 |   2185 |     59 |      0 |   1846 |   3 |  748.0 |
       Dungeon |   2244 |   2185 |     59 |      0 |   1846 |   3 |  748.0 |
               +--------+--------+--------+--------+--------+-----+--------+

Top non-repeatable levels by time:
     D:1: 796 daAuts
     D:2: 739 daAuts
     D:3: 708 daAuts
